Map: Orbital Shipyard

Players

Grumm

  • Race: Protoss Protoss

HolyDiver - Winner!

  • Race: Protoss Protoss

VOD

Have the link to the VOD?

Description

Time

  • Played on: Jan. 31, 2016, 12:52 p.m.
  • Length: 9:01
Show
View Real Time Build Order
Export as new Build Order

Grumm Protoss 

Build Orders:  

Get SALT Encoding   

  12  0:01  Probe (Chrono Boost)  
  13  0:11  Probe (Chrono Boost)  
  14  0:20  Pylon  
  14  0:22  Probe (Chrono Boost)  
  15  0:33  Assimilator  
  15  0:38  Probe (Chrono Boost)  
  16  0:44  Gateway  
  16  0:49  Probe (Chrono Boost)  
  17  0:59  Probe (Chrono Boost)  
  18  1:10  Probe (Chrono Boost)  
  19  1:14  Forge  
  19  1:17  Pylon  
  19  1:20  Probe (Chrono Boost)  
  20  1:27  Assimilator  
  20  1:34  Probe (Chrono Boost)  
  21  1:42  Cybernetics Core  
  21  1:47  Protoss Ground Weapons Level 1  
  21  1:53  Zealot  
  23  1:58  Probe (Chrono Boost)  
  24  2:09  Probe (Chrono Boost)  
  24  2:13  Pylon  
  25  2:19  Probe (Chrono Boost), Warp Gate (Chrono Boost)  
  25  2:20  Stalker  
  28  2:37  Robotics Facility  
  28  2:42  Gateway  
  28  2:50  Pylon  
  28  2:51  Probe  
  28  3:01  Stalker  
  28  3:03  Probe  
  31  3:27  Nexus  
  31  3:47  Immortal  
  35  4:02  Protoss Ground Armor Level 1 (Chrono Boost)  
  31  4:04  Probe  
  31  4:09  Pylon  
  32  4:19  Probe  
  31  4:26  Stalker  
  31  4:27  Stalker  
  35  4:31  Probe  
  35  4:32  Immortal  
  40  4:43  Probe  
  40  4:44  Assimilator  
  41  4:46  Probe  
  42  4:54  Sentry  
  42  4:55  Probe  
  42  4:58  Adept  
  47  5:12  Immortal  
  51  5:17  Pylon  
  51  5:18  Probe  
  51  5:19  Probe  
  53  5:26  Photon Cannon  
  53  5:31  Probe  
  53  5:35  Photon Cannon  
  54  5:39  Zealot  
  54  5:41  Adept  
  58  5:46  Mothership Core  
  58  5:48  Probe  
  61  5:57  Stargate  
  61  5:59  Probe  
  61  6:00  Assimilator  
  61  6:03  Observer  
  63  6:07  Probe  
  63  6:09  Probe, Photon Cannon  
  65  6:17  Stalker  
  67  6:19  Probe, Sentry  
  70  6:38  Probe  
  70  6:40  Probe  
  70  6:41  Void Ray  
  70  6:44  Zealot  
  78  6:58  Gateway  
  78  7:01  Pylon  
  78  7:05  Gateway  
  78  7:06  Gateway  
  78  7:10  Gateway  
  78  7:13  Pylon  
  78  7:18  Pylon  
  78  7:19  Observer  
  79  7:26  Void Ray  
  79  7:29  Zealot  
  85  7:44  Twilight Council, Pylon  
  85  7:52  Nexus  
  85  7:57  Pylon  
  85  8:01  Stalker x2  
  85  8:04  Pylon  
  89  8:08  Forge  
  77  8:26  Stalker x4  
  64  8:28  Stalker  
  43  8:45  Zealot  
  45  8:50  Zealot x3  
  45  8:51  Zealot x2  
Show
View Real Time Build Order
Export as new Build Order

HolyDiver Protoss - Winner!

Build Orders:  

Get SALT Encoding   

  12  0:01  Probe (Chrono Boost)  
  13  0:12  Probe (Chrono Boost)  
  14  0:17  Pylon  
  14  0:22  Probe (Chrono Boost)  
  15  0:36  Probe (Chrono Boost)  
  15  0:37  Gateway  
  16  0:46  Probe (Chrono Boost)  
  16  0:49  Assimilator  
  18  0:57  Probe (Chrono Boost)  
  18  1:07  Probe (Chrono Boost)  
  19  1:18  Probe (Chrono Boost)  
  20  1:28  Probe (Chrono Boost)  
  21  1:34  Cybernetics Core  
  21  1:39  Probe (Chrono Boost)  
  22  1:46  Pylon  
  22  1:49  Probe (Chrono Boost)  
  23  2:05  Probe (Chrono Boost)  
  26  2:08  Nexus  
  26  2:15  Probe (Chrono Boost), Warp Gate  
  27  2:25  Stalker  
  27  2:28  Mothership Core (Chrono Boost)  
  29  2:32  Assimilator  
  29  2:39  Pylon  
  29  2:46  Probe (Chrono Boost)  
  30  2:57  Probe (Chrono Boost)  
  31  3:03  Stalker  
  33  3:07  Probe (Chrono Boost)  
  34  3:18  Pylon, Probe (Chrono Boost)  
  35  3:21  Robotics Facility  
  35  3:23  Probe (Chrono Boost)  
  36  3:27  Gateway  
  36  3:30  Probe (Chrono Boost)  
  36  3:31  Pylon  
  36  3:34  Probe (Chrono Boost)  
  38  3:36  Pylon  
  38  3:41  Probe (Chrono Boost)  
  37  4:03  Stalker  
  41  4:10  Probe x2 (Chrono Boost)  
  41  4:18  Observer  
  42  4:25  Probe x2 (Chrono Boost)  
  42  4:27  Stalker  
  46  4:39  Probe x2 (Chrono Boost), Immortal  
  46  4:44  Forge  
  52  4:48  Stargate  
  52  4:49  Probe x2 (Chrono Boost)  
  54  4:52  Stalker  
  54  4:58  Stalker  
  58  5:00  Probe x2 (Chrono Boost)  
  58  5:05  Assimilator  
  60  5:09  Assimilator  
  60  5:10  Probe (Chrono Boost)  
  60  5:11  Gateway, Probe (Chrono Boost)  
  62  5:19  Immortal  
  66  5:21  Gateway  
  66  5:22  Gateway  
  66  5:25  Pylon  
  66  5:28  Probe (Chrono Boost)  
  67  5:36  Probe (Chrono Boost)  
  67  5:41  Phoenix  
  70  5:46  Protoss Ground Weapons Level 1  
  70  5:52  Stalker  
  72  5:58  Observer  
  73  6:08  Phoenix  
  75  6:12  Probe x2 (Chrono Boost)  
  77  6:22  Probe x2 (Chrono Boost)  
  79  6:26  Immortal  
  83  6:33  Phoenix  
  83  6:38  Pylon  
  85  6:40  Pylon  
  85  6:42  Pylon  
  85  6:59  Stalker x3  
  85  7:00  Stalker x2  
  95  7:08  Immortal  
  99  7:13  Phoenix (Chrono Boost)  
  101  7:25  Stalker x3  
  107  7:34  Stalker  
  109  7:38  Pylon  
  109  7:40  Pylon  
  109  7:42  Pylon  
  109  7:43  Pylon  
  108  7:58  Stalker x3  
  108  7:59  Stalker x2  
  96  8:43  Stalker x5  
Tags
 
Add a new tag
Caveats
  • Supply blocks, unpowered buildings, or Contaminate may cause inaccurate times.
  • Supply counts are checked every 10 seconds.